[Event "Jiraskuv memorial A"]
[Site "Rakovnik"]
[Date "2011.08.06"]
[Round "1"]
[White "Rozsafny, Michal"]
[Black "Pliva, Vojtech"]
[Result "1/2-1/2"]
[ECO "D02"]
[WhiteElo "1943"]
[BlackElo "2066"]
[PlyCount "38"]
[EventDate "2011.08.??"]
[EventType "swiss"]
[EventRounds "9"]
[EventCountry "CZE"]
[TimeControl "240+2"]

{16MB, Fritz8.ctg, SACHY-67D9C7985} 1. Nf3 d5 2. d4 c5 3. g3
Nf6 4. Bg2 Bf5 5. Nbd2 e6 6. c4 Nbd7 7. O-O Be7 8. b3 h6 9. Bb2 O-O 10. Re1 Ne4
11. Nxe4 Bxe4 12. Nd2 Bxg2 13. Kxg2 f5 14. Qc2 Bd6 15. f3 Qg5 16. e4 dxe4 17.
fxe4 f4 18. e5 fxg3 19. hxg3 Be7 1/2-1/2

[Event "Jiraskuv memorial A"]
[Site "Rakovnik"]
[Date "2011.08.06"]
[Round "1"]
[White "Janda, Pavel"]
[Black "Pokorny, Petr"]
[Result "0-1"]
[ECO "A09"]
[WhiteElo "2011"]
[BlackElo "2260"]
[PlyCount "36"]
[EventDate "2011.08.??"]
[EventType "swiss"]
[EventRounds "9"]
[EventCountry "CZE"]
[TimeControl "240+2"]

{16MB, Fritz8.ctg, SACHY-67D9C7985} 1. Nf3 d5 2. c4 dxc4 3.
Qa4+ Nc6 4. Qxc4 e5 5. a3 Be7 6. b4 Be6 7. Qc2 Nf6 8. d3 O-O 9. Bb2 Nd4 10.
Nxd4 exd4 11. Nd2 Qd6 12. Nf3 Rac8 13. Nxd4 c5 14. bxc5 Rxc5 15. Qd2 Rfc8 16.
Nxe6 Qxe6 17. Rc1 Bd8 18. Rxc5 Rxc5 0-1

[Event "Jiraskuv memorial A"]
[Site "Rakovnik"]
[Date "2011.08.06"]
[Round "1"]
[White "Novak, Jindrich"]
[Black "Cap, Adam"]
[Result "1-0"]
[ECO "A00"]
[WhiteElo "2059"]
[BlackElo "1924"]
[PlyCount "66"]
[EventDate "2011.08.??"]
[EventType "swiss"]
[EventRounds "9"]
[EventCountry "CZE"]
[TimeControl "240+2"]

{16MB, Fritz8.ctg, SACHY-67D9C7985} 1. d3 e5 2. g4 d5 3. g5 Bc5 4. Nf3 Nc6 5. Nc3 Be6 6. Bg2 Qd7 7. h4 Nge7 8. Be3 Bxe3 9.
fxe3 Nf5 10. Qd2 d4 11. Nd1 O-O-O 12. e4 Ng3 13. Rg1 f5 14. Bh3 fxe4 15. Bxe6
Qxe6 16. Rxg3 exf3 17. exf3 Rhf8 18. Nf2 Rf4 19. Ng4 Rdf8 20. Ke2 Qd5 21. Rf1
Ne7 22. Qb4 Nc6 23. Qb3 Qd6 24. h5 Ne7 25. Nf2 Nf5 26. Rh3 Ne3 27. Rg1 Qc6 28.
Ne4 Qxc2+ 29. Qxc2 Nxc2 30. h6 gxh6 31. Rxh6 Rxf3 32. Rxh7 R3f7 33. g6 Rxh7 1-0

[Event "Jiraskuv memorial A"]
[Site "Rakovnik"]
[Date "2011.08.06"]
[Round "1"]
[White "Ondrejat, Miroslav"]
[Black "Krasny, Drahomir"]
[Result "1-0"]
[ECO "D45"]
[WhiteElo "2048"]
[BlackElo "1897"]
[PlyCount "61"]
[EventDate "2011.08.??"]
[EventType "swiss"]
[EventRounds "9"]
[EventCountry "CZE"]
[TimeControl "240+2"]

{16MB, Fritz8.ctg, SACHY-67D9C7985} 1. c4 c6 2. d4 d5 3. Nc3 Nf6 4. Nf3 e6 5.
e3 Nbd7 6. Qc2 Be7 7. b3 Qa5 8. Bd2 Bb4 9. Bd3 O-O 10. O-O dxc4 11. bxc4 b5 12.
a3 bxc4 13. Bxc4 Bxc3 14. Bxc3 Qh5 15. Be2 Qd5 16. Rfc1 a5 17. Nd2 Qd6 18. Bf3
Nd5 19. Nc4 Qc7 20. Bd2 N7f6 21. Rab1 Bd7 22. g3 Rfb8 23. Rxb8+ Qxb8 24. Nxa5
Qc7 25. Nc4 c5 26. Ne5 Rxa3 27. Qxc5 Qxc5 28. dxc5 Bc8 29. Rb1 Ra7 30. Rb8 Ne7
31. Nc6 1-0

[Event "Jiraskuv memorial A"]
[Site "Rakovnik"]
[Date "2011.08.06"]
[Round "1"]
[White "Bauer, Pavel"]
[Black "Misicko, Jan"]
[Result "0-1"]
[ECO "B85"]
[WhiteElo "1876"]
[BlackElo "2042"]
[PlyCount "122"]
[EventDate "2011.08.??"]
[EventType "swiss"]
[EventRounds "9"]
[EventCountry "CZE"]
[TimeControl "240+2"]

{16MB, Fritz8.ctg, SACHY-67D9C7985} 1. e4 c5 2. Nf3 e6 3. d4 cxd4 4. Nxd4 Nf6
5. Nc3 d6 6. Be3 Nc6 7. Be2 Be7 8. O-O Qc7 9. Kh1 a6 10. a4 Bd7 11. f4 O-O 12.
Nxc6 Bxc6 13. Bd3 Rad8 14. a5 Rd7 15. Bb6 Qc8 16. Qe1 Bd8 17. e5 Nd5 18. Nxd5
Bxd5 19. Bd4 dxe5 20. Bxe5 f6 21. Bc3 Qc6 22. Qg3 Bc4 23. Rad1 Bxd3 24. Rxd3
Rxd3 25. Qxd3 Bc7 26. Qf3 Qxf3 27. Rxf3 Rd8 28. g3 Kf7 29. Kg2 Ke7 30. Re3 Rd5
31. b4 Bd6 32. Be1 Rd4 33. c3 Rc4 34. Kf3 e5 35. fxe5 Bxe5 36. Re4 Rc7 37. Re3
Ke6 38. Ke4 Rd7 39. Rd3 f5+ 40. Ke3 f4+ 41. Ke4 fxg3 42. hxg3 Rc7 43. Rf3 h5
44. Rd3 g5 45. Rf3 Rc4+ 46. Kd3 Rg4 47. Bf2 h4 48. gxh4 gxh4 49. Be1 Bg3 50.
Re3+ Kd6 51. c4 Bxe1 52. Rxe1 h3 53. Rh1 Rh4 54. Rh2 Ke5 55. b5 Kd6 56. Kc3 Kc5
57. bxa6 bxa6 58. Kd3 Rh8 59. Kc3 Rh7 60. Kd3 Rh4 61. Rh1 h2 0-1

[Event "Jiraskuv memorial A"]
[Site "Rakovnik"]
[Date "2011.08.06"]
[Round "1"]
[White "Kovar, Jan"]
[Black "Kozak, Milos"]
[Result "1/2-1/2"]
[ECO "D45"]
[WhiteElo "2002"]
[BlackElo "2232"]
[PlyCount "36"]
[EventDate "2011.08.??"]
[EventType "swiss"]
[EventRounds "9"]
[EventCountry "CZE"]
[TimeControl "180"]

{24MB, Fritz8.ctg, sach1} 1. d4 d5 2. Nf3 Nf6 3. c4 e6 4. e3 c6 5. Nc3 Nbd7 6.
Be2 Bd6 7. O-O O-O 8. Nd2 a6 9. f4 c5 10. cxd5 exd5 11. Nf3 b5 12. dxc5 Bxc5
13. Nxd5 Bb7 14. Nxf6+ Nxf6 15. Nd4 Re8 16. Bf3 Bxf3 17. Qxf3 Bxd4 18. Rd1
Bxe3+ 1/2-1/2

[Event "Jiraskuv memorial A"]
[Site "Rakovnik"]
[Date "2011.08.06"]
[Round "1"]
[White "Cozl, David"]
[Black "Haman, Jakub"]
[Result "0-1"]
[ECO "A16"]
[WhiteElo "1982"]
[BlackElo "2146"]
[PlyCount "71"]
[EventDate "2011.08.??"]
[EventType "swiss"]
[EventRounds "9"]
[EventCountry "CZE"]
[TimeControl "180"]

{24MB, Fritz8.ctg, sach1} 1. c4 Nf6 2. Nc3 d6 3. g3 g6 4. Bg2 Bg7 5. Nf3 O-O 6.
O-O Nbd7 7. d3 Rb8 8. Rb1 c5 9. a3 b6 10. Qa4 Bb7 11. Nh4 Bxg2 12. Nxg2 Rb7 13.
Bd2 Qa8 14. Ne3 Rd8 15. b4 e6 16. Qc6 Ne5 17. Qg2 Qc8 18. bxc5 dxc5 19. Ne4
Nxe4 20. Qxe4 f5 21. Qg2 g5 22. Nd1 Bf6 23. Bc3 Rg7 24. a4 f4 25. Qe4 Ng4 26.
h3 Bxc3 27. Nxc3 Rd4 28. Qg2 Ne5 29. Nb5 f3 30. exf3 Rxd3 31. Rfd1 Qd7 32. Qf1
Nxf3+ 33. Kg2 Nd2 34. Qe2 Qc6+ 35. Kg1 Nf3+ 36. Kf1 0-1

[Event "Jiraskuv memorial A"]
[Site "Rakovnik"]
[Date "2011.08.06"]
[Round "1"]
[White "Bartos, Jan"]
[Black "Zboril, Jaroslav"]
[Result "1/2-1/2"]
[ECO "A46"]
[WhiteElo "2215"]
[BlackElo "1989"]
[PlyCount "97"]
[EventDate "2011.08.??"]
[EventType "swiss"]
[EventRounds "9"]
[EventCountry "CZE"]
[TimeControl "180"]

{24MB, Fritz8.ctg, sach1} 1. d4 Nf6 2. Nf3 e6 3. e3 c5 4. Bd3 Nc6 5. O-O b6 6.
c4 d5 7. cxd5 exd5 8. b3 Be7 9. Bb2 O-O 10. dxc5 bxc5 11. Nc3 Bg4 12. Be2 Rc8
13. Rc1 d4 14. exd4 Bxf3 15. Bxf3 Nxd4 16. Na4 Nxf3+ 17. Qxf3 Qd5 18. Rfd1 Qxf3
19. gxf3 Rfd8 20. Rxd8+ Rxd8 21. Nxc5 h6 22. Na4 Nh5 23. Be5 Rd2 24. Rc8+ Kh7
25. Rc7 Bf6 26. f4 Bxe5 27. fxe5 Nf4 28. h4 Kg6 29. Rxa7 Rxa2 30. b4 Nh3+ 31.
Kg2 Nxf2 32. Ra6+ Kf5 33. b5 Nd3+ 34. Kg3 Nxe5 35. b6 Ra3+ 36. Kg2 Ra2+ 37. Kg3
Ra3+ 38. Kf2 Ra2+ 39. Ke1 Ra1+ 40. Ke2 Rb1 41. Kd2 Nd7 42. Ra5+ Kg4 43. Kc2 Rb4
44. Kc3 Rb1 45. Kc2 Rb4 46. Kc3 Rb1 47. Kc2 Rb4 48. Kc3 Rb1 49. Kc2 1/2-1/2

[Event "Jiraskuv memorial A"]
[Site "Rakovnik"]
[Date "2011.08.06"]
[Round "1"]
[White "Urban, Tomas"]
[Black "Vlacil, Vladimir"]
[Result "0-1"]
[ECO "D30"]
[WhiteElo "1822"]
[BlackElo "2015"]
[PlyCount "94"]
[EventDate "2011.08.??"]
[EventType "swiss"]
[EventRounds "9"]
[EventCountry "CZE"]
[TimeControl "180"]

{24MB, Fritz8.ctg, sach1} 1. d4 Nf6 2. Nf3 d5 3. c4 e6 4. a3 Be7 5. g3 O-O 6.
Qc2 dxc4 7. Qxc4 Nbd7 8. Bg2 c5 9. O-O Nb6 10. Qc2 cxd4 11. Rd1 Bd7 12. Nxd4
Rc8 13. Nc3 Nfd5 14. Qd3 Nxc3 15. bxc3 Ba4 16. Re1 Qc7 17. Nb5 Qb8 18. Bf4 e5
19. Be3 Rfd8 20. Qb1 Bc5 21. Bh3 Rc6 22. Bg2 Bxe3 23. Bxc6 bxc6 24. fxe3 cxb5
25. Rf1 Nc4 26. Qf5 Qc7 27. Rf3 Qd7 28. e4 Qxf5 29. exf5 e4 30. Rf4 Re8 31. e3
f6 32. Kf2 Kf7 33. g4 a5 34. h4 Re5 35. g5 Nd6 36. g6+ hxg6 37. fxg6+ Kxg6 38.
Rg1+ Kf7 39. Rfg4 Ne8 40. Rf4 Bc2 41. Rg5 Rxg5 42. hxg5 Nd6 43. Ke1 Nc4 44.
gxf6 gxf6 45. Rf5 Nxa3 46. Rc5 Bd3 47. Kd2 Nc4+ 0-1

[Event "Jiraskuv memorial A"]
[Site "Rakovnik"]
[Date "2011.08.06"]
[Round "1"]
[White "Klement, Lukas"]
[Black "Prochazka, Petr"]
[Result "1-0"]
[ECO "D02"]
[WhiteElo "2234"]
[BlackElo "2008"]
[PlyCount "133"]
[EventDate "2011.08.??"]
[EventType "swiss"]
[EventRounds "9"]
[EventCountry "CZE"]
[TimeControl "180"]

{24MB, Fritz8.ctg, sach1} 1. d4 d5 2. Nf3 Nc6 3. Bf4 Bg4 4. Nbd2 e6 5. e3 Bd6
6. Bxd6 cxd6 7. Be2 Nf6 8. O-O O-O 9. c4 Rc8 10. Rc1 Qd7 11. h3 Bh5 12. cxd5
Nxd5 13. Ne4 Bg6 14. Nc3 Nxc3 15. Rxc3 Ne7 16. Qd2 Nd5 17. Rcc1 Rxc1 18. Rxc1
Rc8 19. Nh4 Rxc1+ 20. Qxc1 Be4 21. f3 Bg6 22. e4 Ne7 23. Qc3 h6 24. g4 Kh7 25.
Kf2 d5 26. Bd3 Qa4 27. Nxg6 fxg6 28. h4 Nc6 29. exd5 exd5 30. h5 Qxd4+ 31. Qxd4
Nxd4 32. Ke3 Nc6 33. Bxg6+ Kg8 34. Bf5 Kf7 35. Bc8 b6 36. Bb7 Ne7 37. Kd4 Ke6
38. f4 Kd6 39. b4 Ke6 40. a4 Kd6 41. f5 Ng8 42. Bxd5 Nf6 43. Bf3 Nh7 44. Ke4
Ng5+ 45. Kf4 Nh3+ 46. Ke3 Ng5 47. Bd1 Nf7 48. Kd4 Ng5 49. Be2 Nf7 50. f6 gxf6
51. Ke4 Ke7 52. Kf5 Ne5 53. Bd1 Kf7 54. Bb3+ Kg7 55. b5 Nf3 56. Bd1 Ne5 57. Ke6
Nc4 58. Kd7 Ne3 59. Bb3 Nxg4 60. Kc7 f5 61. Kb7 Ne3 62. Kxa7 f4 63. Be6 f3 64.
Kxb6 f2 65. Bh3 Nc4+ 66. Kb7 Kf6 67. b6 1-0

[Event "Jiraskuv memorial A"]
[Site "Rakovnik"]
[Date "2011.08.06"]
[Round "1"]
[White "Svarc, Roman"]
[Black "Sibl, Vaclav"]
[Result "1/2-1/2"]
[ECO "A03"]
[WhiteElo "2125"]
[BlackElo "1975"]
[PlyCount "130"]
[EventDate "2011.08.??"]
[EventType "swiss"]
[EventRounds "9"]
[EventCountry "CZE"]
[TimeControl "180"]

{24MB, Fritz8.ctg, sach1} 1. f4 d5 2. Nf3 g6 3. g3 Bg7 4. Bg2 c6 5. e3 Bg4 6.
d4 e6 7. O-O Ne7 8. Qe1 Bxf3 9. Bxf3 O-O 10. g4 Nd7 11. Nd2 Rc8 12. Bg2 Re8 13.
Nf3 b6 14. Bd2 Nf8 15. e4 f6 16. Rd1 dxe4 17. Qxe4 Qd5 18. Qd3 Qd7 19. Qb3 Kh8
20. Rfe1 b5 21. c4 bxc4 22. Qxc4 Nd5 23. h3 Qc7 24. Rc1 Qb7 25. Rc2 Red8 26.
Bc1 Qb5 27. Bd2 Qb7 28. Rec1 Nd7 29. b4 N7b6 30. Qe2 Re8 31. b5 cxb5 32. Qxb5
Red8 33. Ne1 Rxc2 34. Rxc2 Qe7 35. Nd3 h6 36. Nb4 Nxb4 37. Bxb4 Qd7 38. Qxd7
Rxd7 39. Bc5 f5 40. gxf5 gxf5 41. Re2 Bxd4+ 42. Bxd4+ Rxd4 43. Rxe6 Ra4 44. Re2
Kg7 45. Bc6 Ra3 46. h4 Kf6 47. h5 Rh3 48. Kg2 Rc3 49. Bf3 Na4 50. Bd5 Nc5 51.
Re8 Rc2+ 52. Kh3 Nd3 53. Rf8+ Ke7 54. Rxf5 Rc5 55. Rf7+ Ke8 56. Bb3 Rxh5+ 57.
Kg4 Ra5 58. Rf6 h5+ 59. Kf3 Ke7 60. Rh6 Nc1 61. Ke4 Nxb3 62. axb3 Ra2 63. Rxh5
a5 64. Rh7+ Kf6 65. Ra7 Ra4+ 1/2-1/2

[Event "Jiraskuv memorial A"]
[Site "Rakovnik"]
[Date "2011.08.06"]
[Round "1"]
[White "Slanec, Jan"]
[Black "Hruska, Jan"]
[Result "1-0"]
[ECO "C54"]
[WhiteElo "1913"]
[BlackElo "2048"]
[PlyCount "81"]
[EventDate "2011.08.??"]
[EventType "swiss"]
[EventRounds "9"]
[EventCountry "CZE"]
[TimeControl "180"]

{24MB, Fritz8.ctg, sach1} 1. e4 e5 2. Nf3 Nc6 3. Bc4 Bc5 4. c3 Nf6 5. d4 exd4
6. cxd4 Bb4+ 7. Nc3 d5 8. exd5 Nxd5 9. O-O Bxc3 10. bxc3 O-O 11. Qc2 h6 12. Bb3
Na5 13. c4 Nxb3 14. axb3 Ne7 15. Bb2 Bf5 16. Qc3 f6 17. Rad1 a5 18. d5 Bg4 19.
Nd4 Bxd1 20. Ne6 Nxd5 21. Qd4 Qd6 22. Nxf8 Bxb3 23. Ng6 Bc2 24. c5 Qe6 25. Qxd5
Re8 26. Nf4 Qxd5 27. Nxd5 c6 28. Ne3 Bb3 29. Ra1 a4 30. Kf1 Rb8 31. Nf5 Kf8 32.
Re1 Bc4+ 33. Kg1 b5 34. cxb6 Rxb6 35. Nd6 Bf7 36. Bd4 Rb3 37. Bc5 Rc3 38. Ne4+
Rxc5 39. Nxc5 a3 40. Ne6+ Ke7 41. Ng5+ 1-0

[Event "Jiraskuv memorial A"]
[Site "Rakovnik"]
[Date "2011.08.06"]
[Round "1"]
[White "Klakurka, Stanislav"]
[Black "Hlavac, Rudolf"]
[Result "1-0"]
[ECO "D76"]
[WhiteElo "1939"]
[BlackElo "2064"]
[PlyCount "133"]
[EventDate "2011.08.??"]
[EventType "swiss"]
[EventRounds "9"]
[EventCountry "CZE"]
[TimeControl "180"]

{24MB, Fritz8.ctg, sach1} 1. d4 Nf6 2. Nf3 g6 3. c4 Bg7 4. Nc3 d5 5. cxd5 Nxd5
6. g3 O-O 7. Bg2 Nb6 8. O-O Nc6 9. e3 e5 10. dxe5 Qxd1 11. Rxd1 Nxe5 12. Nxe5
Bxe5 13. e4 c6 14. Bh6 Re8 15. Rd3 Be6 16. b3 f6 17. Rad1 Kf7 18. Be3 Bc7 19.
f4 Rad8 20. Kf2 Rxd3 21. Rxd3 Rd8 22. Rxd8 Bxd8 23. Bf3 Nc8 24. g4 Ba5 25. Na4
b6 26. Ke2 c5 27. Kd3 Nd6 28. Nb2 Be1 29. Nc4 Ke7 30. e5 Nf7 31. exf6+ Kxf6 32.
Nd2 Nd6 33. Ne4+ Nxe4 34. Kxe4 c4 35. Bd4+ Ke7 36. bxc4 Bxc4 37. a3 Bd2 38. Bb2
Bb5 39. Bd1 Bc6+ 40. Ke5 b5 41. Bd4 a5 42. Bb3 b4 43. f5 gxf5 44. gxf5 Bc3 45.
Bxc3 bxc3 46. f6+ Kf8 47. Kd4 a4 48. Bc2 h6 49. Kxc3 Kf7 50. Kb4 Kxf6 51. Bxa4
Bf3 52. Kc5 Bg4 53. Bc2 Bd7 54. Bd3 Ba4 55. Kb6 Bd1 56. Bc4 Ke5 57. Bb3 Be2 58.
Kc5 Ba6 59. a4 h5 60. a5 h4 61. Bc4 Bc8 62. Kc6 Kd4 63. Bb5 h3 64. Kc7 Kc5 65.
Bf1 Bf5 66. a6 Be4 67. Bxh3 1-0

[Event "Jiraskuv memorial A"]
[Site "Rakovnik"]
[Date "2011.08.06"]
[Round "1"]
[White "Trnka, Miroslav"]
[Black "Vykouk, Jan"]
[Result "1/2-1/2"]
[ECO "D11"]
[WhiteElo "2012"]
[BlackElo "1792"]
[PlyCount "122"]
[EventDate "2011.08.??"]
[EventType "swiss"]
[EventRounds "9"]
[EventCountry "CZE"]
[TimeControl "180"]

{24MB, Fritz8.ctg, sach1} 1. d4 d5 2. c4 c6 3. Nc3 Bf5 4. Nf3 e6 5. Bf4 Nf6 6.
e3 Qb6 7. Qb3 Nbd7 8. Nd2 Qxb3 9. Nxb3 dxc4 10. Bxc4 Nb6 11. Nd2 Nfd5 12. Nxd5
exd5 13. Be2 Na4 14. O-O-O Rc8 15. f3 Be7 16. e4 Be6 17. Kb1 O-O 18. Nb3 Rfd8
19. Rhe1 dxe4 20. fxe4 Nb6 21. Nc5 Bxc5 22. dxc5 Nd7 23. Bd6 Nf6 24. Bf1 Bg4
25. Rd4 Nxe4 26. Rexe4 Bf5 27. Bd3 Bxe4 28. Bxe4 g6 29. Bf3 b6 30. b4 Re8 31.
Kc2 Re1 32. Re4 Rxe4 33. Bxe4 f5 34. Bf3 Kf7 35. Kc3 Ke6 36. Kd4 b5 37. g4 Kd7
38. gxf5 gxf5 39. Ke3 Re8+ 40. Kf4 Re1 41. Kxf5 Ra1 42. Ke5 Rxa2 43. Bg4+ Kd8
44. Bb8 Rxh2 45. Bxa7 Rh4 46. Bf5 Kc7 47. Bb6+ Kb7 48. Be4 h5 49. Bd8 Rh2 50.
Bg5 Kc7 51. Bf4 Re2 52. Kf5+ Kb7 53. Bf3 Rb2 54. Bxh5 Rxb4 55. Bd6 Ra4 56. Ke6
b4 57. Kd7 b3 58. Be5 Rh4 59. Bf3 Rh7+ 60. Kd6 Rh6+ 61. Kd7 Rh7+ 1/2-1/2

[Event "Jiraskuv memorial A"]
[Site "Rakovnik"]
[Date "2011.08.06"]
[Round "1"]
[White "Volek, Radomir"]
[Black "Masek, Jan"]
[Result "1-0"]
[ECO "C88"]
[WhiteElo "2084"]
[BlackElo "1966"]
[PlyCount "113"]
[EventDate "2011.08.??"]
[EventType "swiss"]
[EventRounds "9"]
[EventCountry "CZE"]
[TimeControl "180"]

{24MB, Fritz8.ctg, sach1} 1. e4 e5 2. Nf3 Nc6 3. Bb5 a6 4. Ba4 Nf6 5. O-O Be7
6. Re1 b5 7. Bb3 O-O 8. h3 Bb7 9. c3 d5 10. exd5 Nxd5 11. d4 exd4 12. cxd4 Bf6
13. Nc3 Nxc3 14. bxc3 Qd6 15. Ng5 Bxg5 16. Bxg5 Qg6 17. Qg4 Na5 18. Bd1 f5 19.
Qh5 Rae8 20. Rxe8 Rxe8 21. Qxg6 hxg6 22. Kf1 Bd5 23. f3 Nc4 24. Kf2 Nb2 25. Be2
Re6 26. Rc1 Rc6 27. Rc2 Na4 28. Bd2 Nb6 29. g4 Nc4 30. Bc1 Kf7 31. Kg3 Kf6 32.
h4 Re6 33. Bd3 Ne3 34. Re2 Nd1 35. Bg5+ Kf7 36. Rc2 fxg4 37. fxg4 Be4 38. Bxe4
Rxe4 39. Kf3 Re1 40. Rc1 Rf1+ 41. Ke2 Rf2+ 42. Kxd1 Rxa2 43. Rc2 Ra1+ 44. Ke2
Rh1 45. Kf3 a5 46. Bd8 Ke6 47. Bxc7 a4 48. Rb2 Rc1 49. Ba5 Ra1 50. Rxb5 a3 51.
Re5+ Kd7 52. Re2 Kc6 53. c4 Rc1 54. Bb4 Rxc4 55. Bc5 Rc3+ 56. Kf4 Kd5 57. Ra2
1-0

[Event "Jiraskuv memorial A"]
[Site "Rakovnik"]
[Date "2011.08.06"]
[Round "1"]
[White "Gaj, Milos"]
[Black "Elias, Miroslav"]
[Result "0-1"]
[ECO "A12"]
[WhiteElo "1973"]
[BlackElo "2121"]
[PlyCount "82"]
[EventDate "2011.08.??"]
[EventType "swiss"]
[EventRounds "9"]
[EventCountry "CZE"]
[TimeControl "180"]

{24MB, Fritz8.ctg, sach1} 1. Nf3 Nf6 2. c4 c6 3. b3 d5 4. Bb2 Bf5 5. g3 e6 6.
Bg2 Be7 7. O-O O-O 8. d3 h6 9. Nbd2 a5 10. Ne5 Nbd7 11. Ndf3 a4 12. a3 axb3 13.
cxd5 exd5 14. Nd4 Bh7 15. Nxd7 Nxd7 16. Nxb3 Qb6 17. Qc2 Ra4 18. Bh3 Nf6 19.
Rfb1 Qa7 20. Ra2 h5 21. e3 c5 22. Bf1 h4 23. Qd1 Rc8 24. Rc1 hxg3 25. hxg3 b5
26. Raa1 Bf5 27. Nd2 Bg4 28. Be2 Be6 29. Nf3 Bd6 30. Kg2 Ng4 31. Ng5 Nh6 32.
Nxe6 fxe6 33. Bg4 Qf7 34. Bh5 Qf5 35. e4 Qg5 36. Rc2 Rca8 37. Qc1 Qxh5 38. Bxg7
Ng4 39. Qb2 Qh2+ 40. Kf3 Ne5+ 41. Bxe5 Qh5+ 0-1

[Event "Jiraskuv memorial A"]
[Site "Rakovnik"]
[Date "2011.08.06"]
[Round "1"]
[White "Hinz, Frantisek"]
[Black "Stransky, Vojtech"]
[Result "0-1"]
[ECO "D15"]
[WhiteElo "2015"]
[BlackElo "1843"]
[PlyCount "39"]
[EventDate "2011.08.??"]
[EventType "swiss"]
[EventRounds "9"]
[EventCountry "CZE"]
[TimeControl "180"]

{24MB, Fritz8.ctg, sach1} 1. d4 d5 2. Nf3 Nf6 3. c4 c6 4. Nc3 Bg4 5. Ne5 Bc8 6.
cxd5 Nxd5 7. e4 Nf6 8. Bc4 e6 9. O-O b5 10. Bb3 Bb7 11. Qe2 b4 12. d5 Bd6 13.
Nxf7 Kxf7 14. dxe6+ Ke7 15. e5 Ba6 16. exf6+ gxf6 17. Qh5 Qe8 18. Qf5 Bxf1 19.
Ne4 Qg6 20. Nxd6 0-1

[Event "Jiraskuv memorial A"]
[Site "Rakovnik"]
[Date "2011.08.07"]
[Round "2"]
[White "Masek, Jan"]
[Black "Hinz, Frantisek"]
[Result "1-0"]
[ECO "B20"]
[WhiteElo "1966"]
[BlackElo "2015"]
[PlyCount "59"]
[EventDate "2011.08.??"]
[EventType "swiss"]
[EventRounds "9"]
[EventCountry "CZE"]
[TimeControl "240+2"]

{16MB, Fritz8.ctg, SACHY-67D9C7985} 1. e4 c5 2. Bc4 d6 3. f4 e6 4. Qe2 a6 5. a4
Nc6 6. c3 Be7 7. d3 Nf6 8. e5 dxe5 9. fxe5 Nd5 10. Nf3 Na5 11. O-O Nb6 12. Nbd2
Nbxc4 13. dxc4 Bd7 14. b3 Qc7 15. Ba3 Nc6 16. Qf2 b6 17. Qg3 f5 18. exf6 Qxg3
19. f7+ Kf8 20. hxg3 Bf6 21. Ne4 Kxf7 22. Rad1 Rad8 23. b4 cxb4 24. cxb4 Kg6
25. Rd6 Be7 26. Rxc6 Bxc6 27. Ne5+ Kh5 28. g4+ Kh4 29. Nxc6 Rd3 30. g3+ 1-0

[Event "Jiraskuv memorial A"]
[Site "Rakovnik"]
[Date "2011.08.07"]
[Round "2"]
[White "Pokorny, Petr"]
[Black "Ondrejat, Miroslav"]
[Result "1/2-1/2"]
[ECO "A56"]
[WhiteElo "2260"]
[BlackElo "2048"]
[PlyCount "85"]
[EventDate "2011.08.??"]
[EventType "swiss"]
[EventRounds "9"]
[EventCountry "CZE"]
[TimeControl "180"]

{24MB, Fritz8.ctg, sach1} 1. d4 Nf6 2. c4 c5 3. d5 e5 4. Nc3 d6 5. e4 Be7 6. g3
O-O 7. Bg2 Ne8 8. Nge2 g6 9. O-O Ng7 10. f4 exf4 11. gxf4 Nd7 12. b3 f5 13. Bb2
fxe4 14. Nxe4 Nf6 15. N2g3 Nxe4 16. Nxe4 Bf5 17. Qd2 Bxe4 18. Bxe4 Bf6 19. Rae1
Bxb2 20. Qxb2 Qf6 21. Qxf6 Rxf6 22. Bg2 Kf8 23. Bh3 Re8 24. Rxe8+ Kxe8 25. Bg4
Kf7 26. Kg2 Nf5 27. Bxf5 Rxf5 28. Rf2 b5 29. Kg3 b4 30. a3 a5 31. axb4 axb4 32.
Ra2 g5 33. fxg5 Rxg5+ 34. Kf4 Kg6 35. Ra6 Rf5+ 36. Kg4 Rf6 37. Ra7 h5+ 38. Kg3
Kg5 39. Rg7+ Kh6 40. Rg8 Rg6+ 41. Rxg6+ Kxg6 42. Kf4 Kf6 43. h4 1/2-1/2

[Event "Jiraskuv memorial A"]
[Site "Rakovnik"]
[Date "2011.08.07"]
[Round "2"]
[White "Vlacil, Vladimir"]
[Black "Volek, Radomir"]
[Result "1-0"]
[ECO "C06"]
[WhiteElo "2015"]
[BlackElo "2084"]
[PlyCount "41"]
[EventDate "2011.08.??"]
[EventType "swiss"]
[EventRounds "9"]
[EventCountry "CZE"]
[TimeControl "240+2"]

{1056MB, Fritz8.ctg} 1. e4 e6 2. d4 d5 3. Nd2 Nf6 4. e5 Nfd7
5. Bd3 c5 6. c3 Nc6 7. Ne2 Qb6 8. Nf3 cxd4 9. cxd4 f6 10. exf6 Nxf6 11. O-O Bd6
12. Nc3 Bd7 13. Re1 O-O 14. a3 Rac8 15. Be3 Ng4 16. Bxh7+ Kh8 17. Bc2 Nxe3 18.
Rxe3 Ne7 19. Ne5 Bxe5 20. Qh5+ Kg8 21. Bh7+ 1-0

[Event "Jiraskuv memorial A"]
[Site "Rakovnik"]
[Date "2011.08.07"]
[Round "2"]
[White "Hruska, Jan"]
[Black "Bauer, Pavel"]
[Result "1-0"]
[ECO "E68"]
[WhiteElo "2048"]
[BlackElo "1876"]
[PlyCount "35"]
[EventDate "2011.08.??"]
[EventType "swiss"]
[EventRounds "9"]
[EventCountry "CZE"]
[TimeControl "240+2"]

{1056MB, Fritz8.ctg} 1. c4 Nf6 2. Nc3 g6 3. g3 Bg7 4. Bg2 O-O 5. d4 d6 6. e4
Nbd7 7. Nge2 e5 8. O-O c6 9. b3 exd4 10. Nxd4 d5 11. exd5 cxd5 12. cxd5 Nb6 13.
Ba3 Nbxd5 14. Nxd5 Nxd5 15. Bxf8 Kxf8 16. Rc1 Nb4 17. Nb5 Qb6 18. Nc7 1-0

[Event "Jiraskuv memorial A"]
[Site "Rakovnik"]
[Date "2011.08.07"]
[Round "2"]
[White "Elias, Miroslav"]
[Black "Klakurka, Stanislav"]
[Result "1/2-1/2"]
[ECO "E10"]
[WhiteElo "2121"]
[BlackElo "1939"]
[PlyCount "32"]
[EventDate "2011.08.??"]
[EventType "swiss"]
[EventRounds "9"]
[EventCountry "CZE"]
[TimeControl "240+2"]

{1056MB, Fritz8.ctg} 1. Nf3 Nf6 2. d4 e6 3. c4 c5 4. d5 b5 5. dxe6 fxe6 6. cxb5
d5 7. e3 Bd6 8. Nc3 Nbd7 9. Be2 O-O 10. O-O Qe7 11. b3 Bb7 12. a4 e5 13. a5
Rad8 14. Na4 e4 15. Nd4 cxd4 16. exd4 e3 1/2-1/2

[Event "Jiraskuv memorial A"]
[Site "Rakovnik"]
[Date "2011.08.07"]
[Round "2"]
[White "Vykouk, Jan"]
[Black "Pliva, Vojtech"]
[Result "1/2-1/2"]
[ECO "C50"]
[WhiteElo "1792"]
[BlackElo "2066"]
[PlyCount "21"]
[EventDate "2011.08.??"]
[EventType "swiss"]
[EventRounds "9"]
[EventCountry "CZE"]
[TimeControl "240+2"]

{1056MB, Fritz8.ctg} 1. e4 e5 2. Nf3 Nc6 3. Bc4 Be7 4. d4 d6 5. dxe5 dxe5 6.
Qxd8+ Bxd8 7. Bb5 Bd7 8. Nc3 Nge7 9. Be3 a6 10. Bxc6 Nxc6 11. a3 1/2-1/2

[Event "Jiraskuv memorial A"]
[Site "Rakovnik"]
[Date "2011.08.07"]
[Round "2"]
[White "Sibl, Vaclav"]
[Black "Bartos, Jan"]
[Result "0-1"]
[ECO "A48"]
[WhiteElo "1975"]
[BlackElo "2215"]
[PlyCount "68"]
[EventDate "2011.08.??"]
[EventType "swiss"]
[EventRounds "9"]
[EventCountry "CZE"]
[TimeControl "240+2"]

{1056MB, Fritz8.ctg} 1. d4 Nf6 2. Bf4 g6 3. e3 Bg7 4. Nf3 O-O 5. Be2 d6 6. O-O
c5 7. c3 Be6 8. Nbd2 Qb6 9. Qc1 Nc6 10. dxc5 Qxc5 11. h3 b5 12. Nb3 Qb6 13.
Nbd4 Nxd4 14. Nxd4 Bc4 15. Bxc4 bxc4 16. Bh2 Rab8 17. Rb1 Qa6 18. a3 Rb6 19.
Qc2 Rfb8 20. f4 Qb7 21. Rf2 Ne4 22. Re2 Nc5 23. Bg3 Qe4 24. Qxe4 Nxe4 25. Be1
Nc5 26. Rd2 Na4 27. Rc2 Kf8 28. Kf1 Ke8 29. b4 cxb3 30. Rcc1 e5 31. fxe5 dxe5
32. Nf3 b2 33. Rd1 Rb3 34. c4 Rxe3 0-1

[Event "Jiraskuv memorial A"]
[Site "Rakovnik"]
[Date "2011.08.07"]
[Round "2"]
[White "Jirkovsky, Tomas"]
[Black "Kovar, Jan"]
[Result "0-1"]
[ECO "B24"]
[WhiteElo "2073"]
[BlackElo "2002"]
[PlyCount "52"]
[EventDate "2011.08.??"]
[EventType "swiss"]
[EventRounds "9"]
[EventCountry "CZE"]
[TimeControl "240+2"]

{1056MB, Fritz8.ctg} 1. e4 c5 2. Nc3 Nc6 3. g3 e6 4. Bg2 a6 5. d3 Nge7 6. f4 d5
7. Nf3 g6 8. O-O Bg7 9. Rb1 b5 10. a3 Qb6 11. Kh1 Bb7 12. Bd2 O-O 13. g4 c4 14.
f5 d4 15. Ne2 exf5 16. gxf5 gxf5 17. exf5 Nxf5 18. Ng5 Nh4 19. Be4 Ne5 20. Bb4
f5 21. Bxf8 fxe4 22. dxe4 Bxf8 23. Rg1 Bg7 24. Ng3 Qg6 25. Qxd4 Ng4 26. Qc5
Qxg5 0-1